[Event "Team 45 45 League T48"]
[Site "Internet Chess Club"]
[Date "2011.02.22"]
[Round "2"]
[White "BlackHorse"]
[Black "Eyechess"]
[Result "1-0"]
[WhiteElo "2032"]
[BlackElo "1890"]
[Opening "French: Rubinstein variation"]
[ECO "C10"]
[Time "18:00:09"]
[TimeControl "2700+45"]

1. e4 e6 2. d4 d5 3. Nc3 dxe4 4. Nxe4 Be7 5. Nf3 Nf6 6. Bd3 Nxe4 7. Bxe4 Nd7 8.
O-O c5 9. Be3 Nf6 10. Bd3 Nd5 11. Bd2 cxd4 12. Nxd4 Bf6 13. c3 O-O 14. Qc2 h6
15. Nf3 Qc7 16. Qa4 Rd8 17. Qe4 Kf8 18. Rad1 Bd7 19. c4 Ne7 20. Qh7 Qb6 21. a3
Nc6 22. Be4 Qc7 23. Bxc6 bxc6 24. Be3 c5 25. b4 Bd4 26. Nxd4 cxd4 27. Bxd4 f6
28. Rd3 Kf7 29. Rg3 Rg8 30. Qg6+ Ke7 31. Bxf6+ gxf6 32. Qh7+ {Black resigns} 1-0

[Event "Team 45 45 League T48"]
[Site "Internet Chess Club"]
[Date "2011.02.18"]
[Round "2"]
[White "Duguesclin"]
[Black "BuddyT"]
[Result "1-0"]
[WhiteElo "1719"]
[BlackElo "1755"]
[Opening "French: Winawer, advance, Bogolyubov variation"]
[ECO "C17"]
[Time "15:30:16"]
[TimeControl "2700+45"]

1. e4 e6 2. d4 d5 3. Nc3 Bb4 4. e5 c5 5. Bd2 Ne7 6. Nb5 Bxd2+ 7. Qxd2 O-O 8.
O-O-O cxd4 9. Nxd4 Nbc6 10. f4 Bd7 11. Ngf3 Qb6 12. g4 Rfc8 13. h4 Nb4 14. Kb1
Ba4 15. Bd3 Nxd3 16. Qxd3 Rc7 17. Ng5 g6 18. h5 Rac8 19. hxg6 Rc3 20. gxf7+ Kf8
21. Qxh7 Nf5 22. Ngxe6+ Ke7 23. f8=Q# {Black checkmated} 1-0

[Event "Team 45 45 League T48"]
[Site "Internet Chess Club"]
[Date "2011.02.18"]
[Round "2"]
[White "parpin"]
[Black "room-matt"]
[Result "1-0"]
[WhiteElo "1888"]
[BlackElo "1651"]
[Opening "Giuoco Piano: Anderssen variation"]
[ECO "C54"]
[Time "14:33:42"]
[TimeControl "2700+45"]

1. e4 e5 2. Nf3 Nc6 3. Bc4 Bc5 4. c3 Nf6 5. d4 exd4 6. e5 d5 7. Bb5 Ne4 8. cxd4
Bb4+ 9. Bd2 Bd7 10. Nc3 Bxc3 11. Bxc3 a6 12. Bxc6 Bxc6 13. Qc2 Qd7 14. Nd2 Qg4
15. O-O Ng5 16. f3 Qf4 17. Nb3 Bb5 18. Rfe1 Ne6 19. Qf2 Qg5 20. a4 Bd3 21. Nc5
Nxc5 22. dxc5 O-O-O 23. Rac1 Bc4 24. Qc2 Qg6 25. Qxg6 hxg6 26. e6 fxe6 27. Bxg7
Rh7 28. Bf6 Re8 29. Re3 Rf7 30. Be5 a5 31. Bc3 b6 32. cxb6 cxb6 33. b3 Bxb3 34.
Bxa5+ Rc7 35. Rxc7+ Kxc7 36. Bxb6+ Kxb6 37. Rxb3+ Ka5 38. Kf2 Kxa4 39. Rb7 Rf8
40. Ke3 Rf5 41. g4 Re5+ 42. Kd4 Re2 43. Rg7 Rxh2 44. Rxg6 Re2 45. Rg5 Kb4 46.
Re5 Rd2+ 47. Ke3 Kc4 48. Kxd2 {Black resigns} 1-0

[Event "Team 45 45 League T48"]
[Site "Internet Chess Club"]
[Date "2011.02.19"]
[Round "2"]
[White "Konstantinos"]
[Black "wrimle"]
[Result "0-1"]
[WhiteElo "1745"]
[BlackElo "1647"]
[Opening "Dutch defense"]
[ECO "A84"]
[Time "13:37:24"]
[TimeControl "2700+45"]

1. d4 f5 2. c4 d6 3. Nf3 Nf6 4. Nc3 g6 5. b3 Bg7 6. Bb2 O-O 7. e3 Qe8 8. Be2 e5
9. dxe5 dxe5 10. Nd5 Nxd5 11. Qxd5+ Be6 12. Qxb7 Qc6 13. Qxc6 Nxc6 14. O-O Rfd8
15. Rfd1 h6 16. Rxd8+ Rxd8 17. Rd1 Rxd1+ 18. Bxd1 e4 19. Nd4 Nxd4 20. Bxd4 Bxd4
21. exd4 a5 22. Kf1 Kf7 23. Ke2 f4 24. Kd2 g5 25. Bh5+ Ke7 26. h3 Bf5 27. Bg4
Bxg4 28. hxg4 Kd6 29. Kc3 c5 30. d5 Ke5 31. a3 Kd6 32. b4 cxb4+ 33. axb4 a4 34.
Kd4 a3 35. c5+ Kd7 36. Ke5 a2 37. c6+ Kc8 38. Ke6 a1=Q 39. b5 Qa5 {White
resigns} 0-1

[Event "Team 45 45 League T48"]
[Site "Internet Chess Club"]
[Date "2011.02.19"]
[Round "2"]
[White "alexping"]
[Black "cityprosecutor"]
[Result "1-0"]
[WhiteElo "1980"]
[BlackElo "1715"]
[Opening "Benkö gambit accepted"]
[ECO "A58"]
[Time "22:03:53"]
[TimeControl "2700+45"]

1. d4 Nf6 2. c4 c5 3. d5 b5 4. cxb5 a6 5. bxa6 g6 6. a7 Rxa7 7. Nc3 Ba6 8. e4
Bxf1 9. Kxf1 d6 10. f3 Bg7 11. Be3 Rb7 12. Qc2 Qb6 13. Rb1 O-O 14. Nge2 Na6 15.
Kf2 Nb4 16. Qd2 Qa6 17. Rhd1 Qa7 18. a3 Na6 19. b4 Rfb8 20. b5 Nc7 21. a4 Nd7
22. Qc2 Nb6 23. Qb3 Qa5 24. Rd2 Ra8 25. Ra2 Nd7 26. f4 Na6 27. Nd1 Nb4 28. Bd2
Rxb5 29. axb5 Qxa2 30. Bxb4 cxb4 31. Qxa2 Rxa2 32. Rxb4 Nb6 33. Rb3 Bd4+ 34. Kf3
Bc5 35. Rd3 Na4 36. Rb3 Nb6 37. Nec3 Kf8 38. Nxa2 {Black resigns} 1-0

[Event "Team 45 45 League T48"]
[Site "Internet Chess Club"]
[Date "2011.02.19"]
[Round "2"]
[White "Atlantis"]
[Black "MontanaSky"]
[Result "0-1"]
[WhiteElo "1844"]
[BlackElo "1811"]
[Opening "Dutch defense"]
[ECO "A90"]
[Time "17:14:17"]
[TimeControl "2700+45"]

1. d4 e6 2. c4 f5 3. g3 Nf6 4. Bg2 d5 5. Nf3 c6 6. b3 Bd6 7. O-O Qe7 8. c5 Bc7
9. Bf4 Bxf4 10. gxf4 O-O 11. Ne5 Ne4 12. f3 Nf6 13. Nd2 Nbd7 14. Kh1 Nh5 15. e3
Nxe5 16. fxe5 f4 17. e4 b6 18. b4 bxc5 19. bxc5 Ba6 20. Re1 Qh4 21. Kg1 Ng3 22.
Nf1 Nxf1 23. Bxf1 Bxf1 24. Rxf1 dxe4 25. fxe4 f3 26. Rxf3 Qxe4 27. Rxf8+ Rxf8
28. Qd2 Qg4+ 29. Kh1 Qe4+ 30. Kg1 Rf4 31. Rd1 Rg4+ 32. Kf1 Qh1+ 33. Ke2 Qxh2+
34. Kd3 Qh3+ 35. Kc4 Qf3 36. a4 Qd5+ 37. Kb4 Rg3 38. Ka5 Rb3 39. Qg5 Qd7 40. Qg4
Qc7+ 41. Ka6 Qb7+ 42. Ka5 Rb5+ {White resigns} 0-1

[Event "Team 45 45 League T48"]
[Site "Internet Chess Club"]
[Date "2011.02.20"]
[Round "2"]
[White "misuc56"]
[Black "jps7"]
[Result "1-0"]
[WhiteElo "1813"]
[BlackElo "1690"]
[Opening "QGD: 3...Nf6"]
[ECO "D35"]
[Time "14:04:34"]
[TimeControl "2700+45"]

1. d4 d5 2. c4 e6 3. Nc3 Nf6 4. h3 h6 5. Nf3 b6 6. e3 Bb7 7. cxd5 exd5 8. Be2 a6
9. O-O Bd6 10. Bd2 O-O 11. a3 Nbd7 12. b4 Ne4 13. Nxe4 dxe4 14. Nh2 c5 15. bxc5
bxc5 16. Bc3 Qc7 17. f4 exf3 18. Nxf3 cxd4 19. Bxd4 Ne5 20. Nxe5 Bxe5 21. Rc1
Qe7 22. Bf3 Bxf3 23. Qxf3 Bxd4 24. exd4 Rad8 25. Rcd1 Qa7 26. Rd3 Rxd4 27. Rxd4
Qxd4+ 28. Kh1 f6 29. Rd1 Qc4 30. Qb7 Rf7 31. Qc8+ Kh7 32. Qxc4 {Black resigns}
1-0

[Event "Team 45 45 League T48"]
[Site "Internet Chess Club"]
[Date "2011.02.18"]
[Round "2"]
[White "UnderRated"]
[Black "rubo"]
[Result "0-1"]
[WhiteElo "1578"]
[BlackElo "1712"]
[Opening "Caro-Kann: advance variation"]
[ECO "B12"]
[Time "20:00:22"]
[TimeControl "2700+45"]

1. e4 c6 2. d4 d5 3. e5 Bf5 4. Nc3 e6 5. g4 Bg6 6. Nf3 Nd7 7. h4 h5 8. Ng5 Ne7
9. Ne2 hxg4 10. Nf4 Bf5 11. Bd3 g6 12. Be2 c5 13. c3 cxd4 14. cxd4 Bh6 15. Rg1
Bxg5 16. hxg5 Qc7 17. Be3 Rc8 18. Bxg4 Qc2 19. Bxf5 Nxf5 20. Nd3 Nxe3 21. fxe3
Qh2 22. Rf1 Rc2 23. Nf2 Rxf2 24. Rxf2 Qg1+ 25. Ke2 Qg4+ 26. Kd2 Qxg5 27. Rc1 Rh3
28. Rc8+ Ke7 29. Qe2 Nb6 30. Rc7+ Kd8 31. Rfxf7 Nc4+ 32. Rxc4 dxc4 33. Rf8+ Ke7
34. Rb8 Qg1 35. Rxb7+ Ke8 36. Rb8+ Kf7 37. Rb7+ Kf8 38. Rb8+ Kg7 39. Rb7+ Kh6
40. Rb8 Kg5 41. Qxc4 Qxe3+ 42. Kd1 Rh1+ 43. Kc2 Rh2+ 44. Kb1 Rh1+ 45. Kc2 Rc1#
{White checkmated} 0-1

[Event "Team 45 45 League T48"]
[Site "Internet Chess Club"]
[Date "2011.02.18"]
[Round "2"]
[White "mjysong"]
[Black "QueensCounselor"]
[Result "0-1"]
[WhiteElo "1709"]
[BlackElo "2159"]
[Opening "English opening"]
[ECO "A16"]
[Time "12:02:05"]
[TimeControl "2700+45"]

1. c4 Nf6 2. Nc3 g6 3. g3 Bg7 4. Bg2 d6 5. d3 O-O 6. Nf3 c5 7. O-O Nc6 8. Rb1
Bd7 9. a3 Rb8 10. b4 cxb4 11. axb4 Ng4 12. Bd2 Nd4 13. b5 Nxf3+ 14. Bxf3 Ne5 15.
Bg2 a6 16. bxa6 bxa6 17. Rxb8 Qxb8 18. Qa1 Bc6 19. Qxa6 Bxg2 20. Kxg2 Qb2 21.
Qa2 Nxd3 22. exd3 Bxc3 23. Qxb2 Bxb2 24. Kf3 Ra8 25. Rb1 Ra2 26. Bc1 Bd4 27. Be3
Bxe3 28. Kxe3 f5 29. h4 Kf7 30. f4 h6 31. Rb7 Ke6 32. Rb3 Kf6 33. d4 Rc2 34. Rb4
Rc3+ 35. Kf2 g5 36. hxg5+ hxg5 37. fxg5+ Kxg5 38. d5 Kf6 39. Ra4 Ke5 40. Ra7
Rxc4 41. Rxe7+ Kxd5 42. Ke3 Re4+ 43. Rxe4 fxe4 44. g4 Ke5 45. g5 d5 46. g6 Kf6
{White resigns} 0-1

[Event "Team 45 45 League T48"]
[Site "Internet Chess Club"]
[Date "2011.02.17"]
[Round "2"]
[White "Camden772"]
[Black "fishhead"]
[Result "1-0"]
[WhiteElo "1779"]
[BlackElo "1791"]
[Opening "Alekhine's defense: Scandinavian variation"]
[ECO "B02"]
[Time "22:00:48"]
[TimeControl "2700+45"]

1. e4 Nf6 2. Nc3 d5 3. exd5 Nxd5 4. Bc4 c6 5. d4 g6 6. Qf3 Be6 7. Nge2 Bg7 8.
O-O b6 9. Re1 O-O 10. Bb3 Na6 11. a3 Qd7 12. h3 f5 13. Nxd5 Bxd5 14. Bxd5+ cxd5
15. Bf4 e6 16. Qe3 Rac8 17. c3 Rfe8 18. Nc1 Nb8 19. Nd3 Nc6 20. Qg3 a5 21. Ne5
Nxe5 22. Bxe5 b5 23. Re3 Rc6 24. Rae1 Rec8 25. h4 Bh6 26. Bf4 Bxf4 27. Qxf4 Qe7
28. h5 g5 29. Qxf5 exf5 30. Rxe7 b4 31. cxb4 axb4 32. R7e5 Rc1 33. Rxc1 Rxc1+
34. Kh2 Rc2 35. Rxf5 Rxb2 36. axb4 h6 37. Rxd5 Rxb4 38. Rd6 Kg7 39. Kg3 Rb2 40.
d5 Rb4 41. Kf3 Rf4+ 42. Ke3 Rh4 43. Rg6+ Kh7 44. Re6 Rxh5 45. d6 Rh1 46. Kd2 Ra1
47. d7 Ra2+ 48. Kd3 Ra1 49. Re2 Ra3+ 50. Kd4 Ra4+ 51. Kd5 {Black resigns} 1-0

[Event "Team 45 45 League T48"]
[Site "Internet Chess Club"]
[Date "2011.02.18"]
[Round "2"]
[White "imgr8"]
[Black "KingDestroyer"]
[Result "0-1"]
[WhiteElo "2093"]
[BlackElo "2229"]
[Opening "French: Tarrasch"]
[ECO "C03"]
[Time "20:01:11"]
[TimeControl "2700+45"]

1. e4 e6 2. d4 d5 3. Nd2 Be7 4. e5 c5 5. c3 Nc6 6. Ndf3 Qb6 7. Bd3 Bd7 8. Ne2 h5
9. O-O Rc8 10. a3 c4 11. Bc2 Na5 12. Ne1 Nh6 13. Ng3 g6 14. Nxh5 gxh5 15. Qxh5
Bf8 16. Nf3 Nb3 17. Bxb3 Qxb3 18. Ng5 Qc2 19. f4 Qg6 20. Qf3 Be7 21. g4 Qg7 22.
h4 Bxg5 23. fxg5 Ng8 24. h5 Ba4 25. g6 fxg6 26. hxg6 Ne7 27. Qf7+ Qxf7 28. gxf7+
Kd7 29. Rf6 Rcf8 30. Bg5 Bc2 31. Raf1 Bg6 32. Kg2 Rh7 33. Kg3 Rhxf7 34. Rxf7
Rxf7 35. Rh1 Be4 36. Rh8 Rf3+ 37. Kh4 Ng6+ {White resigns} 0-1

[Event "Team 45 45 League T48"]
[Site "Internet Chess Club"]
[Date "2011.02.17"]
[Round "2"]
[White "bwang88"]
[Black "Buckeye22"]
[Result "1-0"]
[WhiteElo "1942"]
[BlackElo "2023"]
[Opening "French: advance variation"]
[ECO "C02"]
[Time "20:01:11"]
[TimeControl "2700+45"]

1. e4 e6 2. d4 d5 3. e5 c5 4. c3 Qb6 5. Nf3 Nc6 6. a3 Nh6 7. b4 cxd4 8. cxd4 Nf5
9. Be3 Bd7 10. Be2 Rc8 11. O-O Be7 12. Kh1 O-O 13. g4 Nxe3 14. fxe3 Nb8 15. Qd3
a6 16. Nc3 Rc7 17. Qd2 Rfc8 18. Rfc1 Bb5 19. Nxb5 axb5 20. Bd3 Rxc1+ 21. Rxc1
Rxc1+ 22. Qxc1 Qc6 23. Qd2 Qa6 24. Qc2 Nc6 25. Qb2 Qa4 26. Bc2 Qa8 27. Qc3 Qa6
28. h4 Na7 29. Qc7 Nc6 30. Qc8+ Nd8 31. Qc3 Qc6 32. Qd3 g6 33. h5 Qc4 34. hxg6
fxg6 35. Nd2 Qc6 36. Kg2 Nf7 37. Bd1 Ng5 38. Be2 Qc1 39. Nf1 Qe1 40. Ng3 Kf7 41.
Qxb5 Ne4 42. Nxe4 dxe4 43. d5 Bh4 44. dxe6+ Kg7 45. Qd7+ Kh6 46. g5+ Kxg5 47.
Qe7+ Kh6 48. Qf8+ Kg5 49. Qf4# {Black checkmated} 1-0

[Event "Team 45 45 League T48"]
[Site "Internet Chess Club"]
[Date "2011.02.19"]
[Round "2"]
[White "Tadiran"]
[Black "brgdgaf"]
[Result "1-0"]
[WhiteElo "1947"]
[BlackElo "1868"]
[Opening "QGD: classical variation (5.Bf4)"]
[ECO "D37"]
[Time "19:30:38"]
[TimeControl "2700+45"]

1. d4 Nf6 2. c4 e6 3. Nf3 d5 4. Nc3 Be7 5. Bf4 c6 6. e3 O-O 7. Qc2 Nbd7 8. Bd3
dxc4 9. Bxc4 Nd5 10. Nxd5 exd5 11. Bd3 Nf6 12. O-O Bg4 13. Ne5 Bh5 14. Rac1 Re8
15. a3 Bd6 16. b4 a5 17. Rb1 axb4 18. axb4 Qe7 19. h3 Ra3 20. Rb3 Rxb3 21. Qxb3
Nd7 22. Nxd7 Bxf4 23. Nc5 Bxe3 24. fxe3 Qxe3+ 25. Kh2 b6 26. Nd7 Qe7 27. Bf5 g6
28. b5 gxf5 29. bxc6 Qe6 30. Qxd5 Qxd5 31. Nf6+ Kf8 32. Nxd5 Be2 33. Rc1 Bb5 34.
c7 Ba6 35. Nxb6 Re6 36. Ra1 Rc6 37. Rxa6 Rxc7 38. Ra8+ Kg7 39. d5 {Black
resigns} 1-0

[Event "Team 45 45 League T48"]
[Site "Internet Chess Club"]
[Date "2011.02.20"]
[Round "2"]
[White "Philly-Boy"]
[Black "Walker42"]
[Result "0-1"]
[WhiteElo "1859"]
[BlackElo "2078"]
[Opening "King's Indian: Four pawns attack"]
[ECO "E76"]
[Time "20:00:21"]
[TimeControl "2700+45"]

1. d4 Nf6 2. c4 g6 3. Nc3 Bg7 4. e4 d6 5. f4 O-O 6. Bd3 c5 7. d5 e6 8. Nf3 exd5
9. cxd5 Bg4 10. O-O Nbd7 11. h3 Bxf3 12. Qxf3 Qa5 13. g4 c4 14. Bc2 h6 15. e5
dxe5 16. f5 e4 17. Bxe4 Rae8 18. fxg6 fxg6 19. Bxg6 Ne5 20. Qf5 Nfxg4 21. Bxe8
Rxf5 22. Rxf5 Qc5+ 23. Kg2 Qd4 24. Rf4 Ne3+ 25. Bxe3 Qxe3 26. Raf1 Nd3 27. Bf7+
Kh7 28. Rg4 Ne1+ 29. Rxe1 Qxe1 30. Bg6+ Kh8 31. Re4 Qd2+ 32. Kh1 Qc1+ 33. Kg2
Qxb2+ 34. Re2 Qxc3 35. Re8+ Bf8 36. Rxf8+ Kg7 37. Rf3 Qd2+ 38. Rf2 Qg5+ {White
resigns} 0-1

[Event "Team 45 45 League T48"]
[Site "Internet Chess Club"]
[Date "2011.02.19"]
[Round "2"]
[White "Karpyan"]
[Black "Gregorio"]
[Result "0-1"]
[WhiteElo "1837"]
[BlackElo "2021"]
[Opening "Catalan opening"]
[ECO "E00"]
[Time "11:16:37"]
[TimeControl "2700+45"]

1. d4 Nf6 2. c4 e6 3. g3 c5 4. Nf3 cxd4 5. Nxd4 Nc6 6. Bg2 a6 7. O-O Bc5 8. Nxc6
bxc6 9. Nc3 O-O 10. Bg5 Be7 11. e4 e5 12. Qe2 h6 13. Be3 d6 14. Rfd1 Ng4 15. Bc1
Qa5 16. Bd2 Qc7 17. b3 Be6 18. Bc1 f5 19. h3 Nf6 20. exf5 Bxf5 21. Bb2 Rae8 22.
Qd2 Kh8 23. Rac1 Rd8 24. Qe2 Nh7 25. Ne4 Qc8 26. Kh2 Rf7 27. Ba3 Qe6 28. c5 Bxe4
29. Bxe4 Ng5 30. Bg2 d5 31. h4 Nh7 32. Kg1 Rdf8 33. Rf1 a5 34. Qa6 Bd8 35. Rcd1
Nf6 36. Bb2 e4 37. Qe2 Nd7 38. Bd4 Bf6 39. Qe3 Bxd4 40. Qxd4 Qe7 41. Rc1 Ne5 42.
Qe3 Nf3+ 43. Bxf3 Rxf3 44. Qe1 Qe5 45. Kg2 e3 46. Qc3 Rxf2+ 47. Rxf2 Rxf2+ 48.
Kh1 Qe4+ {White resigns} 0-1

[Event "Team 45 45 League T48"]
[Site "Internet Chess Club"]
[Date "2011.02.20"]
[Round "2"]
[White "MeanMrMustard"]
[Black "fileman"]
[Result "0-1"]
[WhiteElo "1824"]
[BlackElo "1927"]
[Opening "KP: Nimzovich defense"]
[ECO "B00"]
[Time "11:02:04"]
[TimeControl "2700+45"]

1. e4 Nc6 2. d4 e5 3. d5 Nce7 4. Nf3 Ng6 5. h4 h5 6. Bg5 Be7 7. Qd2 Nf6 8. Nc3
Ng4 9. Bxe7 Qxe7 10. g3 d6 11. Nh2 Nxh4 12. gxh4 Qxh4 13. Bb5+ Ke7 14. O-O-O
Nxf2 15. Nf3 Qf4 16. Rh4 Qxf3 17. Rf1 a6 18. Ba4 Nxe4 19. Qe1 Qg3 20. Rxe4 Qxe1+
21. Rexe1 b5 22. Bb3 f5 23. Rg1 Kf6 24. Ne2 g5 25. c4 h4 26. Rh1 g4 27. cxb5
axb5 28. a3 f4 29. Bc2 Bf5 30. Bxf5 Kxf5 31. Kd2 g3 32. Ng1 e4 33. Nh3 f3 34.
Ke3 b4 35. axb4 Ra4 36. Rc1 Rxb4 37. Rxc7 Rb3+ 38. Rc3 Rxb2 39. Rc4 Re2+ 40. Kd4
Rd2+ 41. Ke3 Rd3# {White checkmated} 0-1

[Event "Team 45 45 League T48"]
[Site "Internet Chess Club"]
[Date "2011.02.18"]
[Round "2"]
[White "SidVicious"]
[Black "rayngrant"]
[Result "0-1"]
[WhiteElo "1677"]
[BlackElo "1620"]
[Opening "French: Tarrasch, open variation"]
[ECO "C07"]
[Time "19:02:00"]
[TimeControl "2700+45"]

1. e4 e6 2. d4 d5 3. Nd2 c5 4. c3 Nc6 5. exd5 exd5 6. dxc5 Bxc5 7. Ngf3 Bg4 8.
Be2 Nf6 9. O-O O-O 10. Nb3 Bb6 11. Bg5 Qd6 12. Bxf6 Qxf6 13. Qxd5 Rad8 14. Qe4
Rfe8 15. Qxg4 Rxe2 16. Rab1 Rde8 17. h3 h6 18. Rbe1 Rxe1 19. Nxe1 Rxe1 20. Qc8+
Kh7 21. Rxe1 Qxf2+ 22. Kh2 Qxe1 23. Qf5+ Kg8 24. Qc8+ Nd8 25. a4 Bg1+ 26. Kh1
Bf2+ {White resigns} 0-1

[Event "Team 45 45 League T48"]
[Site "Internet Chess Club"]
[Date "2011.02.20"]
[Round "2"]
[White "Frankly"]
[Black "bondguy01"]
[Result "1/2-1/2"]
[WhiteElo "1838"]
[BlackElo "1717"]
[Opening "QGA: 3.e4"]
[ECO "D20"]
[Time "15:01:05"]
[TimeControl "2700+45"]

1. d4 d5 2. c4 dxc4 3. e4 e5 4. Nf3 exd4 5. Bxc4 Nc6 6. O-O Be6 7. Bxe6 fxe6 8.
Qb3 Qd7 9. Rd1 O-O-O 10. Na3 h6 11. Nc4 Bd6 12. e5 Bc5 13. Qb5 Qe7 14. a3 g5 15.
b4 a6 16. Qa4 g4 17. Nfd2 Ba7 18. b5 Nb8 19. bxa6 Nxa6 20. Rb1 Qc5 21. Ne4 Qc6
22. Qxc6 bxc6 23. Na5 Ne7 24. Bd2 c5 25. Nb7 Rd5 26. Bf4 Ng6 27. Bg3 Rf8 28. Nf6
Rxf6 29. exf6 c4 30. a4 Rf5 31. Rdc1 c3 32. Rb5 Rxf6 33. Na5 e5 34. Nc4 e4 35.
Ne5 Nxe5 36. Bxe5 Re6 37. Bg7 Nc5 38. Bxd4 Nd3 39. Rxc3 Bxd4 40. Rc2 Ra6 41. a5
e3 42. fxe3 Bxe3+ 43. Kf1 Rf6+ 44. Ke2 Bg1 45. Kxd3 Bxh2 46. Ra2 Ra6 47. Ke4 Bd6
48. Rab2 Kd7 49. Rd2 Kc6 50. Rh5 g3 51. Rdd5 Ra8 52. Kd4 Rf8 53. Rhf5 Re8 54. a6
Kb6 55. Ra5 c5+ 56. Raxc5 Bxc5+ 57. Rxc5 Kxa6 58. Rc6+ Kb5 59. Rxh6 Re2 60. Rg6
Rxg2 61. Ke3 Ra2 62. Rxg3 Ra3+ 63. Kf4 Rxg3 64. Kxg3 {Game drawn because neither
player has mating material} 1/2-1/2

[Event "Team 45 45 League T48"]
[Site "Internet Chess Club"]
[Date "2011.02.20"]
[Round "2"]
[White "Phosphorus"]
[Black "upsan"]
[Result "1/2-1/2"]
[WhiteElo "2119"]
[BlackElo "1823"]
[Opening "Dutch defense"]
[ECO "A40"]
[Time "14:33:14"]
[TimeControl "2700+45"]

1. d4 e6 2. c4 f5 3. Nf3 Nf6 4. g3 d5 5. Bg2 c6 6. O-O Bd6 7. Nc3 Qe7 8. Qc2 O-O
9. Bg5 Qe8 10. Rab1 Ne4 11. Bf4 Bxf4 12. gxf4 Qe7 13. b4 Bd7 14. a4 Nd6 15. c5
Nc4 16. Qa2 Be8 17. Ne5 Nxe5 18. dxe5 Nd7 19. a5 a6 20. e3 g5 21. Ne2 Bh5 22.
Nd4 Kh8 23. fxg5 Nxe5 24. Qa1 Kg8 25. f4 Nc4 26. Qc3 Rae8 27. Rbe1 e5 28. Nc2
Qg7 29. h4 exf4 30. Qxg7+ Kxg7 31. exf4 Be2 32. Rf2 Bg4 33. Rff1 Nd2 34. Rxe8
Rxe8 35. Re1 Rxe1+ 36. Nxe1 {Game drawn by mutual agreement} 1/2-1/2

[Event "Team 45 45 League T48"]
[Site "Internet Chess Club"]
[Date "2011.02.21"]
[Round "2"]
[White "Mark-SF"]
[Black "MASTERCHEF"]
[Result "1-0"]
[WhiteElo "1889"]
[BlackElo "1731"]
[Opening "Pirc: classical system, 5.Be2"]
[ECO "B08"]
[Time "11:00:22"]
[TimeControl "2700+45"]

1. e4 d6 2. d4 Nf6 3. Nc3 g6 4. Nf3 Bg7 5. Be2 Bg4 6. h3 Bxf3 7. Bxf3 Nc6 8. O-O
O-O 9. Be3 e5 10. d5 Ne7 11. Qd3 Nd7 12. h4 f5 13. h5 f4 14. Bd2 g5 15. Bg4 Rf6
16. Qh3 Nf8 17. g3 Rh6 18. Qg2 Kh8 19. a4 a6 20. b3 Ng8 21. Qh3 Nf6 22. Be2 Qe8
23. Qf5 Nxh5 24. Qxg5 Qg6 25. Qxg6 Nxg6 26. g4 Nf6 27. g5 Rh4 28. gxf6 Bxf6 29.
Kg2 Rg8 30. Rh1 Ne7+ 31. Kf3 Rhg4 32. b4 c6 33. Bc4 b5 34. axb5 axb5 35. Bb3
{Black resigns} 1-0

[Event "Team 45 45 League T48"]
[Site "Internet Chess Club"]
[Date "2011.02.21"]
[Round "2"]
[White "Celtics"]
[Black "qs16"]
[Result "1-0"]
[WhiteElo "1658"]
[BlackElo "1594"]
[Opening "Sicilian: closed"]
[ECO "B23"]
[Time "15:00:21"]
[TimeControl "2700+45"]

1. e4 c5 2. Nc3 d6 3. f4 e6 4. Nf3 g6 5. d4 cxd4 6. Nxd4 Bg7 7. Be3 Ne7 8. Qd2
a6 9. O-O-O O-O 10. h4 e5 11. Nf3 Bg4 12. fxe5 Bxf3 13. gxf3 Bxe5 14. Bh6 Re8
15. f4 Bh8 16. h5 Nbc6 17. hxg6 fxg6 18. Bc4+ d5 19. Nxd5 Bxb2+ 20. Kxb2 Nxd5
21. Bxd5+ {Black resigns} 1-0

[Event "Team 45 45 League T48"]
[Site "Internet Chess Club"]
[Date "2011.02.18"]
[Round "2"]
[White "Buford-Julep"]
[Black "quotha"]
[Result "1/2-1/2"]
[WhiteElo "1659"]
[BlackElo "1669"]
[Opening "Philidor: exchange variation"]
[ECO "C41"]
[Time "09:02:58"]
[TimeControl "2700+45"]

1. e4 e5 2. Nf3 d6 3. d4 exd4 4. Nxd4 Be7 5. Nc3 Nf6 6. Be2 a6 7. f4 O-O 8. Bf3
c5 9. Nde2 Bg4 10. Be3 Bxf3 11. gxf3 Nh5 12. Rg1 Bh4+ 13. Ng3 Nc6 14. Nd5 Qa5+
15. c3 b5 16. Ke2 Nxg3+ 17. hxg3 Bd8 18. Kf2 b4 19. Qc2 bxc3 20. bxc3 Qb5 21.
Rab1 Qc4 22. Rb2 Ba5 23. Rh1 g6 24. Nf6+ Kg7 25. e5 dxe5 26. Nd7 Rfc8 27. f5
Qxc3 28. fxg6 fxg6 29. Qxc3 Bxc3 30. Rb7 h5 31. Nb6+ Kf6 32. Nd5+ Ke6 33. Nxc3
Nd4 34. Rhb1 Rc6 35. Rg7 Kf6 36. Rbb7 Rf8 37. Ne4+ Kf5 38. Rgf7+ Rxf7 39. Rxf7+
Ke6 40. Rf6+ Kd7 41. Rxc6 Kxc6 42. Ng5 c4 43. Ne4 Kb5 44. Bd2 Nc2 45. Bc3 Nb4
46. Nd6+ Kc5 47. Nf7 Nxa2 48. Bxe5 c3 49. Bd6+ Kd5 50. Bf4 c2 51. Nh8 g5 52.
Bxg5 c1=Q 53. Bxc1 Nxc1 54. Ke3 a5 55. Kd2 Nb3+ 56. Kc3 Nd4 57. Ng6 Nxf3 58.
Nf4+ {Game drawn by mutual agreement} 1/2-1/2